 Dungeon Crawl Stone Soup version 0.31-a0-370-g25055926c8 (webtiles) character file.

Game seed: 6438624666437944903

112 AdnanSaban the Covered (level 4, -4/29 HPs)
             Began as a Gargoyle Fighter on July 29, 2023.
             Slain by Edmund
             ... wielding a +0 flail of venom
              (10 damage)
             ... on level 4 of the Dungeon.
             The game lasted 00:01:28 (2553 turns).

AdnanSaban the Covered (Gargoyle Fighter)           Turns: 2553, Time: 00:01:29

Health: -4/29      AC: 13    Str: 22    XL:     4   Next: 93%
Magic:  4/4        EV:  8    Int:  8    God:
Gold:   130        SH:  9    Dex:  9    Spells: 3/3 levels left

rFire   . . .        a - +0 flail
rCold   . . .        c - +0 buckler
rNeg    + . .        r - +0 chain mail
rPois   ∞            (no helmet)
rElec   +            (no cloak)
rCorr   .            (no gloves)
SInv    .            (no boots)
Will    .....        x - amulet of reflection Stlth
                     (no ring)
HPRegen 0.24/turn    (no ring)
MPRegen 0.09/turn

%: reflection
@: no status effects
A: sickness immunity, AC +3, negative energy resistance 1, electricity
resistance, torment resistance 1, petrification resistance
a: no special abilities


You were on level 4 of the Dungeon.
You visited 1 branch of the dungeon, and saw 4 of its levels.

You collected 130 gold pieces.

Inventory:

Hand Weapons
 a - a +0 flail (weapon)
Missiles
 g - 37 stones (quivered)
 m - 2 poisoned darts
Armour
 c - a +0 buckler (worn)
 r - a +0 chain mail (worn)
Jewellery
 u - a ring of ice
 x - an amulet of reflection (around neck)
Wands
 p - a wand of polymorph (9)
Scrolls
 b - a scroll of brand weapon {unknown}
 e - a scroll of vulnerability {unknown}
 f - 2 scrolls of teleportation {unknown}
 h - a scroll of fog {unknown}
 i - 3 scrolls of identify {unknown}
 n - 2 scrolls of fear {unknown}
 q - a scroll of immolation {unknown}
 s - 2 scrolls of revelation {unknown}
 v - a scroll of blinking {unknown}
Potions
 d - a potion of might
 j - a potion of degeneration {unknown}
 k - a potion of magic {unknown}
 l - a potion of curing {unknown}
 o - a potion of haste {unknown}
 t - a potion of enlightenment {unknown}
 w - a potion of attraction {unknown}


   Skills:
 + Level 3.8 Fighting
 + Level 3.3 Maces & Flails
 + Level 4.1 Armour
 + Level 0.5 Dodging
 + Level 3.7 Shields


You had 3 spell levels left.
You didn't know any spells.
Your spell library contained the following spells:

 Spells                   Type           Power      Damage    Failure   Level
 Foxfire                  Conj/Fire      0%         2x1d4     98%         1
 Scorch                   Fire           0%         2d5       99%         2
 Summon Guardian Golem    Hex/Summ       0%         N/A       100%        3
 Volatile Blastmotes      Fire/Tloc      0%         2d10      100%        3
 Fulminant Prism          Conj/Hex       0%         3d5       100%        4
 Iskenderun's Mystic Bla  Conj/Tloc      0%         2d3       100%        4
 Orb of Destruction       Conj           0%         9d5       100%        7
 Spellforged Servitor     Conj/Summ      0%         N/A       100%        7
 Ignition                 Fire           0%         3d3       100%        8
 Fire Storm               Conj/Fire      0%         5d1       100%        9


Dungeon Overview and Level Annotations

Branches:
Dungeon (4/15)
 Temple: D:4-7

Altars:
Fedhas

Annotations:
D:4 Edmund


Innate Abilities, Weirdness & Mutations

You are immune to sickness and miasma.
Your stone body is resilient. (AC +3)
You are immune to poison.
You resist negative energy. (rN+)
You are resistant to electric shocks. (rElec)
You are resistant to unholy torment.
You are immune to petrification.


Message History

Edmund is almost dead.
Edmund hits you with a +0 flail of venom.
The dart slug launches a dart at you.
You block slug dart... and reflect it back!
The slug dart hits the dart slug.
You block Edmund's attack.
You hit Edmund.
Edmund is almost dead.
You block the dart slug's attack. Edmund barely misses you.
You hit Edmund.
Edmund is almost dead.
Edmund hits you with a +0 flail of venom.
The dart slug bites you.
You are too injured to fight recklessly!
You are too injured to fight recklessly!
You are too injured to fight recklessly!
You are too injured to fight recklessly!
You are too injured to fight recklessly!
You are too injured to fight recklessly!
You are too injured to fight recklessly!
You are too injured to fight recklessly!
You are too injured to fight recklessly!
You are too injured to fight recklessly!
You are too injured to fight recklessly!
You are too injured to fight recklessly!
You are too injured to fight recklessly!
You are too injured to fight recklessly!
You are too injured to fight recklessly!
You are too injured to fight recklessly!
Unknown command.
Edmund says, "Everyone always remembers my brother. 'Who's Edmund?' they ask!"
Edmund attacks as you move away! Edmund completely misses you.
You barely miss Edmund.
Edmund is almost dead.
Edmund hits you with a +0 flail of venom.
You closely miss Edmund.
Edmund is almost dead.
Edmund hits you with a +0 flail of venom.
* * * LOW HITPOINT WARNING * * *
Edmund hits you with a +0 flail of venom!
You die...

!##. #
...###
.######.#
........##
#........###
#.$...w.#
....######.#
# #.
#.###### ..
#.w@@..# ..
######.# .#
.>##.#
#.##.#
#.##.#
#.##.#
#.##.#
#.##.#
######.##.#


You could see Edmund and a dart slug.

Vanquished Creatures
  A hound (D:4)
  3 adders
  A worm (D:3)
  A dart slug (D:1)
  An orc (D:3)
  5 endoplasms
  3 giant cockroaches
  3 goblins (D:3)
  4 hobgoblins
  A jackal (D:3)
  4 quokkas (D:1)
  A ball python (D:1)
  5 bats
  3 frilled lizards
  5 kobolds
  7 rats
48 creatures vanquished.

Notes
Turn   | Place    | Note
-------+----------+-------------------------------------------
     0 | D:1      | AdnanSaban the Gargoyle Fighter began the quest for the
                  | Orb.
     0 | D:1      | Reached XP level 1. HP: 14/14 MP: 1/1
   154 | D:1      | Reached XP level 2. HP: 17/19 MP: 2/2
   889 | D:2      | Reached XP level 3. HP: 21/23 MP: 3/3
  1674 | D:3      | Got the Precepts of the Salamander
  1790 | D:3      | Reached XP level 4. HP: 21/29 MP: 4/4
  2149 | D:3      | Reached skill level 4 in Armour
  2440 | D:4      | Found a blossoming altar of Fedhas.
  2528 | D:4      | Noticed Edmund
  2553 | D:4      | Slain by Edmund

Illustrated notes

Levels and vault maps discovered:
D:1:      wander_arrival_abandoned_jail, layout_basic, serial_curves,
          eino_curves_03, eino_curves_02, eino_curves_02
D:2:      layout_basic
D:3:      minmay_wonky_spiral, layout_basic, minmay_ruptured
D:4:      layout_basic, grunt_temple_overflow_forces_of_nature,
          lemuel_round_altar, minmay_puff, uniq_sigmund, uniq_edmund,
          uniq_eustachio

Skill      XL: |  1  2  3  4 |
---------------+-------------+-----
Maces & Flails | 3 |  3.3
Armour         | 4 |  4.1
Fighting       | |  3.8
Dodging        | |  0.5
Shields        | |  3.7

Action                     |  1- 3 |  4- 6 || total
---------------------------+-------+-------++-------
  Melee: Flail             |    91 |    75 ||   166
 Armour: Scale mail        |    59 |       ||    59
         Chain mail        |     4 |    43 ||    47
  Dodge: Dodged            |    45 |    52 ||    97
  Block: Buckler           |    25 |    37 ||    62
         Reflection        |       |     2 ||     2

Table legend: (Time is in decaauts)
 A = Elapsed time spent in this place.
 B = Non-inter-level travel time spent in this place.
 C = Inter-level travel time spent in this place.
 D = Time resting spent in this place.
 E = Time spent auto-exploring this place.
 F = Levels seen in this place.
 G = Mean time per level.
                   A        B        C        D        E       F      G
               +--------+--------+--------+--------+--------+-----+--------+
         Total |   2601 |   2522 |     79 |      0 |   2096 |   4 |  650.2 |
       Dungeon |   2601 |   2522 |     79 |      0 |   2096 |   4 |  650.2 |
               +--------+--------+--------+--------+--------+-----+--------+

Top non-repeatable levels by time:
     D:3: 1006 daAuts
     D:1: 787 daAuts
     D:2: 689 daAuts
     D:4: 118 daAuts
